 Dungeon Crawl Stone Soup version 0.22-a0-136-g83a10e5 (webtiles) character file.

0 mhoghedin the Magician (level 1, -4/10 HPs)
             Began as a Deep Elf Wizard on Feb 2, 2018.
             Slain by a kobold
             ... wielding a +0 club
              (5 damage)
             ... on level 2 of the Dungeon.
             The game lasted 00:01:10 (145 turns).

mhoghedin the Magician (Deep Elf Wizard)             Turns: 145, Time: 00:01:11

Health: -4/10      AC:  2    Str:  4    XL:     1   Next: 8%
Magic:  0/7        EV: 13    Int: 22    God:
Gold:   0          SH:  0    Dex: 13    Spells: 7/8 levels left

rFire    . . .     SeeInvis .   f - +0 whip
rCold    . . .     Gourm    .   (no shield)
rNeg     . . .     Faith    .   a - +0 robe
rPois    .         Spirit   +   b - +0 hat
rElec    .         Reflect  .   e - scarf {Spirit}
rCorr    .         Harm     .   (no gloves)
MR       .....                  (no boots)
Stlth    ++........             (no amulet)
HPRegen  0.03/turn              (no ring)
MPRegen  0.10/turn              (no ring)

@: very slightly contaminated
A: no striking features
a: no special abilities


You were on level 2 of the Dungeon.
You were not hungry.

You visited 1 branch of the dungeon, and saw 2 of its levels.

Inventory:

Hand Weapons
 f - a +0 whip (weapon)
   (You found it on level 1 of the Dungeon)
Armour
 a - a +0 robe (worn)
 b - a +0 hat (worn)
 e - a scarf of spirit shield (worn)
   (You found it on level 1 of the Dungeon)
Books
 c - a book of Minor Magic
Comestibles
 d - a ration


   Skills:
 - Level 2.4 Dodging
 - Level 2.4 Stealth
 + Level 4.4 Spellcasting
 + Level 1.1 Conjurations
   Level 1.1 Summonings
   Level 1.1 Translocations


You had 7 spell levels left.
You knew the following spells:

 Your Spells              Type           Power        Failure   Level  Hunger
a - Magic Dart            Conj           #...         7%          1    None


Dungeon Overview and Level Annotations

Branches:
Dungeon (2/15)

Altars:


Message History

MP restored: 7
f - a whip
f - a +0 whip (weapon)
A rat comes into view.
A rat is nearby!
You enter the shallow water.
Moving in this stuff is going to be slow.
Aim: a rat The magic dart hits the rat.
You kill the rat!
You now have 6/7 mp.
Okay, then.
Unknown command.
A kobold comes into view. It is wielding a whip.
A jackal comes into view.
The jackal barks!
The kobold shouts!
You hear a shout!
Aim: a kobold, wielding a whip Your line of fire to the kobold is blocked by a plant.
Continue anyway? [Y]es or [N]o only, please.
Your line of fire to the kobold is blocked by a plant.
Continue anyway? [Y]es or [N]o only, please.
Your line of fire to the kobold is blocked by a plant.
Continue anyway?
Okay, then.
Unknown command.
Unknown command.
Unknown command.
A jackal comes into view.
Aim: a kobold, wielding a whip The magic dart hits the kobold.
You now have 5/7 mp.
Aim: a kobold, wielding a whip (moderately wounded)
You miscast Magic Dart.
You are very lightly contaminated with residual magic.
Your hair stands on end.
The jackal barely misses you.
You now have 5/7 mp.
The jackal bites you.
A hobgoblin comes into view. It is wielding a club.
You take 1 damage, and have 9/10 hp.
You now have 4/7 mp.
The hobgoblin shouts!
A jackal comes into view.
The jackal barks!
A goblin comes into view. It is wielding a club.
The jackal bites you. The jackal barely misses you.
A jackal comes into view.
You take 1 damage, and have 8/10 hp.
A frilled lizard comes into view.
A rat comes into view.
The frilled lizard hisses angrily.
The jackal misses you. The jackal closely misses you.
A rat comes into view.
The jackal barely misses you. The jackal bites you.
You take 2 damage, and have 6/10 hp.
You now have 4/7 mp.
The frilled lizard closely misses you. The rat misses you.
The frilled lizard closely misses you. The rat bites you.
The jackal misses you.
You take 2 damage, and have 4/10 hp.
You now have 3/7 mp.
Unknown command.
The jackal closely misses you. The jackal misses you.
Your magical contamination has completely faded away.
The jackal barks!
The jackal closely misses you.
Okay, then.
Unknown command.
Okay, then.
Unknown command.
Unknown command.
The jackal closely misses you.
Found a stone staircase leading down.
The jackal barely misses you. The jackal bites you.
You take 1 damage, and have 4/10 hp.
You now have 4/7 mp.
A frilled lizard comes into view.
The jackal completely misses you. The jackal closely misses you.
There is a stone staircase leading down here.
The jackal bites you. The jackal barely misses you.
You climb downwards.
A kobold comes into view. It is wielding a club.
There is a stone staircase leading up here.
You now have 4/7 mp.
The kobold shouts!
The kobold closely misses you. The jackal bites you.
* * * LOW HITPOINT WARNING * * *
You take 2 damage, and have 2/10 hp.
You now have 3/7 mp.
Unknown command.
Unknown command.
Aim: a jackal The magic dart hits the jackal.
The jackal barely misses you.
You now have 2/7 mp.
Aim: a jackal (moderately wounded)
You miscast Magic Dart.
You are very lightly contaminated with residual magic.
Nothing appears to happen.
The jackal bites you.
* * * LOW HITPOINT WARNING * * *
The kobold hits you with a club.
Ouch! That really hurt!
You die...

#.
##.###
.....
...#
#..#
#..#
#.<#
#Kh#
#.@#
#..#
#..#
#..#
#...
##.#
#.#
#.#


You could see a jackal and a kobold.

Vanquished Creatures
  A rat (D:1)
1 creature vanquished.

Notes
Turn   | Place    | Note
-------+----------+-------------------------------------------
     0 | D:1      | mhoghedin the Deep Elf Wizard began the quest for the Orb.
     0 | D:1      | Reached XP level 1. HP: 10/10 MP: 7/7
   143 | D:2      | HP: 2/10 [jackal (2)]
   145 | D:2      | Slain by a kobold

Vault maps used:
D:1:      giann_bridges, minivault_4
D:2:      lemuel_crystal_altar, uniq_crazy_yiuf_cottage

Action                   || total
-------------------------++-------
 Cast: Magic Dart        ||     3
Dodge: Dodged            ||    19

Table legend:
 A = Spawn XP
 B = Non-spawn XP
 C = Spawn XP percentage of total XP
 D = Spawn monster count
 E = Non-spawn monster count
 F = Spawn count percentage of total count
 G = Total turns spent on level
                    A         B        C        D         E        F      G
               +---------+---------+-------+---------+---------+-------+---------
         Total |       0 |       1 |   0.0 |       0 |       1 |   0.0 |   145
               +---------+---------+-------+---------+---------+-------+---------
           D:1 |       0 |       1 |   0.0 |       0 |       1 |   0.0 |   141
               +---------+---------+-------+---------+---------+-------+---------

Vault maps used:
D:1:      giann_bridges, minivault_4
D:2:      lemuel_crystal_altar, uniq_crazy_yiuf_cottage

Table legend:
 A = Turns spent in this place as a percentage of turns spent in the entire game.
 B = Non-inter-level travel turns spent in this place as a percentage of non-inter-level travel turns spent in the entire game.
 C = Inter-level travel turns spent in this place as a percentage of turns spent in this place.
 D = Turns resting spent in this place as a percentage of non-inter-level travel turns spent in this place.
 E = Turns spent auto-exploring this place as a percentage of non-inter-level travel turns spent in this place.
 F = Non-inter-level travel turns spent in this place divided by the number of levels of this place that you've seen.
                   A       B       C       D       E      F
               +-------+-------+-------+-------+-------+----------------------
         Total | 100.0 | 100.0 |   0.0 |  48.3 |   6.9 |  72.5
       Dungeon | 100.0 | 100.0 |   0.0 |  48.3 |   6.9 |  72.5
               +-------+-------+-------+-------+-------+----------------------

Table legend:
 A = Kills in this place as a percentage of kills in entire the game.
 B = Kills by you in this place as a percentage of kills by you in the entire game.
 C = Kills by friends in this place as a percentage of kills by friends in the entire game.
 D = Other kills in this place as a percentage of other kills in the entire game.
 E = Experience gained in this place as a percentage of experience gained in the entire game.
 F = Experience gained in this place divided by the number of levels of this place that you have seen.
                   A       B       C       D       E      F
               +-------+-------+-------+-------+-------+----------------------
         Total | 100.0 | 100.0 |   N/A |   N/A | 100.0 |   0.5
       Dungeon | 100.0 | 100.0 |   N/A |   N/A | 100.0 |   0.5
               +-------+-------+-------+-------+-------+----------------------
